 Dungeon Crawl Stone Soup version 0.31-a0-263-ge8cad7f256 (webtiles) character file.

Game seed: 15887862227001316907

44 qw the Shooter (level 3, -2/21 HPs)
             Began as a Gargoyle Hexslinger on July 13, 2023.
             Slain by a hobgoblin (6 damage)
             ... led by Robin
             ... on level 2 of the Dungeon.
             The game lasted 00:00:21 (945 turns).

qw the Shooter (Gargoyle Hexslinger)                 Turns: 945, Time: 00:00:22

Health: -2/21      AC:  5    Str: 11    XL:     3   Next: 60%
Magic:  4/4        EV: 12    Int: 13    God:
Gold:   81         SH:  0    Dex: 14    Spells: 3/4 levels left

rFire   . . .        Y - +1 sling
rCold   . . .        (no shield)
rNeg    + . .        c - +0 robe
rPois   inf          (no helmet)
rElec   +            (no cloak)
rCorr   .            (no gloves)
SInv    .            (no boots)
Will    .....        (no amulet)
Stlth   +            (no ring)
HPRegen 0.23/turn    (no ring)
MPRegen 0.09/turn

%: no passive effects
@: no status effects
A: sickness immunity, AC +3, negative energy resistance 1, electricity
resistance, torment resistance 1, petrification resistance
a: no special abilities


You were on level 2 of the Dungeon.
You visited 1 branch of the dungeon, and saw 2 of its levels.

You collected 81 gold pieces.


Innate Abilities, Weirdness & Mutations

You are immune to sickness and miasma.
Your stone body is resilient. (AC +3)
You are immune to poison.
You resist negative energy. (rN+)
You are resistant to electric shocks. (rElec)
You are resistant to unholy torment.
You are immune to petrification.


   Skills:
 - Level 2.0 Fighting
 + Level 3.4 Ranged Weapons
 - Level 1.5 Dodging
 - Level 1.0 Spellcasting
 - Level 2.6 Hexes


You had 3 spell levels left.
You knew the following spells:

 Your Spells              Type           Power      Damage    Failure   Level
a - Slow                  Hex            28%        N/A       10%         1

Your spell library contained the following spells:

 Spells                   Type           Power      Damage    Failure   Level
 Inner Flame              Hex/Fire       4%         N/A       43%         3
 Portal Projectile        Hex/Tloc       8%         N/A       43%         3
 Cause Fear               Hex            3%         N/A       67%         4

Inventory:

Hand Weapons
 Y - a +1 sling (weapon)
Armour
 b - a +0 helmet
 c - a +0 robe (worn)
 d - a +0 ring mail
Jewellery
 a - a +4 ring of protection
Potions
 f - a potion of degeneration {unknown}
 g - a potion of curing {unknown}
 h - a potion of brilliance {unknown}

Dungeon Overview and Level Annotations

Branches:
Dungeon (2/15)

Altars:

Annotations:
D:2 Robin


Message History

The goblin barely misses you.
You shoot a sling bullet. The hobgoblin shouts!
The sling bullet hits the goblin.
The goblin is severely wounded.
Robin throws the goblin at you! The hobgoblin barely misses you.
The goblin hits you but does no damage. The hobgoblin barely misses you.
The goblin barely misses you.
The hobgoblin hits you but does no damage.
The goblin hits you but does no damage. The hobgoblin barely misses you. x2
A goblin comes into view. It is wielding a +0 club.
The goblin barely misses you.
You shoot a sling bullet. The sling bullet hits the goblin.
You kill the goblin!
The hobgoblin barely misses you. The hobgoblin closely misses you.
The goblin hits you but does no damage.
Robin roars a battlecry!
The goblins go into a battle-frenzy!
The hobgoblin barely misses you.
You shoot a sling bullet.
The sling bullet closely misses the goblin.
The hobgoblin barely misses you. The hobgoblin misses you.
The goblin hits you but does no damage. Robin throws the goblin at you!
The hobgoblin hits you but does no damage.
You shoot a sling bullet. The sling bullet hits the goblin.
The goblin is moderately wounded.
The hobgoblin closely misses you. x2
The hobgoblin hits you but does no damage.
The goblin closely misses you. The goblin hits you with a +0 club.
You shoot a sling bullet.
The sling bullet closely misses the goblin.
The hobgoblin closely misses you. The hobgoblin hits you.
The goblin hits you with a +0 dagger. The hobgoblin hits you.
The goblin barely misses you. The hobgoblin barely misses you.
The hobgoblin closely misses you. The goblin hits you but does no damage.
The hobgoblin closely misses you. The goblin hits you with a +0 club.
You shoot a sling bullet. The sling bullet hits the goblin.
You kill the goblin!
The hobgoblin hits you.
You die...

#..# #.)# #..#
#.g# #.# # #gB#
#.# #.# #gg#
#.###.# #gg#
#.#...## #g@#
##.#.##.#
#g)#####....#.#.#
##.##.....#..#
#.## #..........##
##..
#..#.###....###.##
#..#.# ##....#.###
#..#># ##.........
#..#.###..........
#..............###


You could see Robin, a giant cockroach, 5 hobgoblins and 2 goblins.

Vanquished Creatures
  An adder (D:2)
  A dart slug (D:2)
  3 bats (D:1)
  5 endoplasms
  A giant cockroach (D:2)
  4 hobgoblins
  2 quokkas (D:1)
  A ball python (D:1)
  3 frilled lizards (D:1)
  6 goblins
  2 kobolds (D:1)
  3 rats
32 creatures vanquished.

Notes
Turn   | Place    | Note
-------+----------+-------------------------------------------
     0 | D:1      | qw the Gargoyle Hexslinger began the quest for the Orb.
     0 | D:1      | Reached XP level 1. HP: 12/12 MP: 2/2
     0 | D:1      | 0 ||| qw: Version: 0.3-a-52-g30416fa
     0 | D:1      | 0 ||| qw: Game counter: 7126
     0 | D:1      | 0 ||| qw: Melee chars always use a shield: true
     0 | D:1      | 0 ||| qw: God list: Okawaru
     0 | D:1      | 0 ||| qw: Allow faded altars: false
     0 | D:1      | 0 ||| qw: Do Orc after clearing Dungeon:15 true
     0 | D:1      | 0 ||| qw: Do second Lair branch before Depths: true
     0 | D:1      | 0 ||| qw: Lair rune preference: random
     0 | D:1      | 0 ||| qw: Goals: Normal
     0 | D:1      | 0 ||| PLANNING D:1-11
   126 | D:1      | Reached XP level 2. HP: 16/16 MP: 3/3
   133 | D:1      | HP: 3/16 [quokka (3)]
   135 | D:1      | HP: 1/16 [quokka (2)]
   208 | D:1      | Reached skill level 3 in Ranged Weapons
   669 | D:1      | 669 ||| READING scroll labelled FOUTHR KUTT.
   670 | D:1      | 670 ||| READING scroll labelled FEMIGRA UPPEJO.
   671 | D:1      | 671 ||| DROPPING scroll of poison.
   721 | D:2      | Reached XP level 3. HP: 21/21 MP: 4/4
   730 | D:2      | Found a faded altar of an unknown god.
   933 | D:2      | Noticed Robin
   944 | D:2      | HP: 4/21 [goblin/+0 club[Robin] (6)]
   945 | D:2      | Slain by a hobgoblin

Levels and vault maps discovered:
D:1:      lightli_arrival_flooded_house, layout_basic, minmay_indecisive_spiral
D:2:      layout_loops_ring, serial_shops, nicolae_shop_hallway_plus,
          basic_altar, nicolae_ecumenical_pavilion, uniq_robin

Skill      XL: |  1  2 |
---------------+-------+-----
Ranged Weapons | 3 |  3.4
Fighting       | 2 |  2.0
Dodging        | |  1.5
Spellcasting   | |  1.0
Hexes          | |  2.6

Action                     || total
---------------------------++-------
   Fire: Sling             ||    89
    Use: Scroll            ||     2
 Armour: Robe              ||    18
  Dodge: Dodged            ||    38

Table legend:
 A = Non-vault XP
 B = Vault XP
 C = Vault XP percentage of total XP
 D = Non-vault monster count
 E = Vault monster count
 F = Vault count percentage of total count
                 A         B        C        D         E       F
            +---------+---------+-------+---------+---------+-------
      Total |      48 |      17 |  26.2 |      23 |       9 |  28.1
            +---------+---------+-------+---------+---------+-------
        D:1 |      23 |       7 |  23.3 |      16 |       4 |  20.0
        D:2 |      25 |      10 |  28.6 |       7 |       5 |  41.7
            +---------+---------+-------+---------+---------+-------
